 Dungeon Crawl Stone Soup version 0.27.1-34-g3ba077fa99 (webtiles) character file.

Game seed: 12506505285003612582

650 cbfl8 the Sneak (level 7, -1/61 HPs)
             Began as a Minotaur Delver on Jan 23, 2022.
             Was an Initiate of Yredelemnul.
             Succumbed to a water moccasin's poison
             ... on level 5 of the Dungeon.
             The game lasted 00:04:57 (2088 turns).

cbfl8 the Sneak (Minotaur Delver)                   Turns: 2088, Time: 00:04:57

Health: -1/61      AC:  5    Str: 18    XL:     7   Next: 28%
Magic:  6/6        EV: 12    Int:  7    God:    Yredelemnul [......]
Gold:   64         SH:  0    Dex: 12    Spells: 6/6 levels left

rFire    . . .     SeeInvis .   i - +2 dagger (elec)
rCold    . . .     Faith    .   (no shield)
rNeg     . . .     Spirit   .   k - +0 ring mail
rPois    .         Reflect  .   (helmet restricted)
rElec    .         Harm     .   (no cloak)
rCorr    .         Rampage  .   (no gloves)
Will     .....                  (no boots)
Stlth    ++........             (no amulet)
HPRegen  0.20/turn              (no ring)
MPRegen  0.10/turn              (no ring)

@: lethally poisoned (-1 -> -17)
A: horns 2, retaliatory headbutt
a: Renounce Religion


You were on level 5 of the Dungeon.
You worshipped Yredelemnul.
Yredelemnul was noncommittal.
You visited 1 branch of the dungeon, and saw 3 of its levels.

You collected 64 gold pieces.

Inventory:

Hand Weapons
 a - a +0 hand axe
 i - a +2 dagger of electrocution (weapon)
 j - a +2 dagger of holy wrath
Missiles
 e - 2 throwing nets (quivered)
 h - 10 sling bullets
 l - 31 arrows
 m - 62 stones
Armour
 b - a +0 leather armour
 k - a +0 ring mail (worn)
Wands
 g - a wand of digging (2)
Scrolls
 o - a scroll of enchant armour {unknown}
 q - 2 scrolls of identify {unknown}
 r - a scroll of amnesia {unknown}
 s - a scroll of blinking {unknown}
Potions
 d - 2 potions of mutation {unknown}
 f - a potion of haste
 n - 2 potions of flight {unknown}
 p - a potion of brilliance {unknown}


   Skills:
 + Level 5.2 Fighting
 + Level 0.7 Short Blades
 + Level 4.9 Axes
 + Level 3.7 Armour
 + Level 3.8 Dodging
 + Level 5.7 Stealth


You had 6 spell levels left.
You didn't know any spells.
Your spell library was empty.

Dungeon Overview and Level Annotations

Branches:
Dungeon (7/15)             Temple (0/1) D:5

Altars:
Ashenzari
Gozag
Hepliaklqana
Vehumet
Yredelemnul

Shops:
D:5 !:[**

Annotations:
D:5 1 runed translucent door, dianekeaton's ghost, novice MiBe


Innate Abilities, Weirdness & Mutations

You have a pair of horns on your head.
You reflexively headbutt those who attack you in melee.


Message History

The orc throws a boomerang.
The boomerang hits you but does no damage.
You close the door.
Found Hooluil's Assorted Antiques.
The water moccasin hisses angrily.
An orc opens the door.
A necrophage comes into view.
The water moccasin bites you.
You are poisoned.
The water moccasin poisons you!
You feel very sick.
There is an entrance to Hooluil's Assorted Antiques here.
Found an escape hatch in the floor.
You feel very sick. The necrophage misses you.
The water moccasin barely misses you. You furiously retaliate!
You headbutt the water moccasin!
You hit the necrophage but do no damage.
Lightning courses through the necrophage!
You headbutt the necrophage.
The necrophage is severely damaged.
You feel sick. The necrophage hits you.
* * * LOW HITPOINT WARNING * * *
You feel drained.
* * * LOW HITPOINT WARNING * * *
The water moccasin bites you.
* * * LOW HITPOINT WARNING * * *
You completely miss the necrophage. You headbutt the necrophage.
The necrophage is almost destroyed.
You feel sick. The water moccasin bites you.
* * * LOW HITPOINT WARNING * * *
You are more poisoned.
The water moccasin poisons you! The necrophage misses you.
You furiously retaliate!
You headbutt the necrophage.
You destroy the necrophage!
Yredelemnul accepts your kill.
Your life force feels restored.
As you read the scroll of fog, it crumbles to dust.
The scroll dissolves into smoke.
You die...
Your body rises from the dead as a mindless zombie.

#.#**** *,*,** *,***,**,*
..# #.*,* *.#*,,**,*
#.##***##.*,* *.#*,***,*
#...,,,,..#+## *.#*,# *,*
#.#*****##...##
*.##.#**,* ..#
##.....###.....,,,* #.##
##.......#§....,,>**
...####.......§§§###....*
.o....'.....o.§S@§...#,<*
...####........§§##.##*,*
....# ##......§#§#**,*,,*
....# ##.....##.#***,*,*
.##.# *##...###..,,,,,,*
.#*.# *.......####**,***
##*.# #.##.##.# *,* *.#
#.*#.#*.# *,*
*,****,**,**,** *,*


You could see a water moccasin.

Vanquished Creatures
  A necrophage (D:5)
  A black bear (D:6)
  A bullfrog (D:6)
  A water moccasin skeleton (D:5)
  A centaur zombie (D:6)
  A jelly (D:6)
  A hound (D:6)
  A bullfrog skeleton (D:5)
  An orc priest (D:5)
  A centaur skeleton (D:5)
  2 iguanas
  2 orc wizards
  4 gnolls (D:6)
  An adder (D:6)
  2 shadow imps
  2 white imps (D:6)
  An ufetubus (D:5)
  4 orcs (D:6)
28 creatures vanquished.

Notes
Turn   | Place    | Note
-------+----------+-------------------------------------------
     0 | D:5      | cbfl8 the Minotaur Delver began the quest for the Orb.
     0 | D:5      | Reached XP level 1. HP: 19/19 MP: 0/0
   116 | D:6      | Reached XP level 2. HP: 15/27 MP: 1/1
   116 | D:6      | Reached XP level 3. HP: 19/33 MP: 2/2
   248 | D:6      | Found a hazy altar of Hepliaklqana.
   248 | D:6      | Found a basalt altar of Yredelemnul.
   248 | D:6      | Found a radiant altar of Vehumet.
   274 | D:6      | Became a worshipper of Yredelemnul the Dark
   508 | D:6      | Reached skill level 5 in Stealth
   508 | D:6      | Reached XP level 4. HP: 32/40 MP: 3/3
   517 | D:6      | HP: 2/40 [gnoll (6)]
   809 | D:6      | Reached skill level 1 in Armour
   929 | D:6      | Noticed a bullfrog
   944 | D:6      | Killed a bullfrog
   945 | D:6      | Reached XP level 5. HP: 37/47 MP: 4/4
  1292 | D:6      | Reached XP level 6. HP: 33/53 MP: 5/5
  1869 | D:5      | Found an opulent altar of Gozag.
  1889 | D:5      | Found Ytiottack's Distillery.
  1932 | D:5      | Found a staircase to the Ecumenical Temple.
  1945 | D:5      | Found Wisu's Armour Shoppe.
  1960 | D:5      | Noticed dianekeaton's ghost (novice MiBe)
  1964 | D:5      | Found a runed translucent door.
  1965 | D:5      | Found Kagauvatt's Assorted Antiques.
  2002 | D:5      | Found a broken altar of Ashenzari.
  2002 | D:5      | Noticed an ice beast
  2047 | D:5      | Reached skill level 5 in Fighting
  2047 | D:5      | Reached XP level 7. HP: 33/61 MP: 6/6
  2077 | D:5      | Found Hooluil's Assorted Antiques.
  2087 | D:5      | HP: 3/60 [water moccasin (6)]
  2088 | D:5      | Succumbed to a water moccasin's poison

Illustrated notes

Levels and vault maps discovered:
D:5:      layout_loops_corners, grunt_gozag_statues,
          mainiacjoe_overflow_small_starburst, minmay_temple_entry_butterflies,
          serial_shops, shop, nicolae_take_the_stairs, shop_fountains, shop,
          kennysheep_little_box, hellmonk_ghost_happy_afterlife
D:6:      layout_basic, gammafunk_temple_overflow_claw, nrook_pool_corridor
D:7:      layout_rooms, kennysheep_mini_moat, enter_bailey_5

Skill      XL: |  1  2  3  4  5  6 |
---------------+-------------------+-----
Fighting       | 4 5 |  5.2
Stealth        | 5 |  5.7
Axes           | 3 4 |  4.9
Armour         | 1 2 3 |  3.7
Dodging        | 3 |  3.8
Short Blades   | |  0.7

Action                   |  1- 3 |  4- 6 |  7- 9 || total
-------------------------+-------+-------+-------++-------
Melee: Hand axe          |    19 |    16 |       ||    35
       Headbutt          |     4 |    15 |     3 ||    22
       Dagger            |       |    41 |     7 ||    48
Evoke: Wand              |       |     1 |       ||     1
  Use: Scroll            |     1 |     1 |     1 ||     3
 Stab: Sleeping          |       |     1 |       ||     1
Armor: Leather armour    |     7 |     1 |       ||     8
       Ring mail         |       |    23 |     3 ||    26
Dodge: Dodged            |    22 |    52 |     8 ||    82
